 Dungeon Crawl Stone Soup version 0.26-a0-597-gb535b0901c (webtiles) character file.

Game seed: 7853671013919929199

13841 vurker the Covert (level 12, -9/96 HPs)
             Began as a Gnoll Delver on Sept 13, 2020.
             Was a Priest of Cheibriados.
             Mangled by an ice dragon (14 damage)
             ... in an ice cave.
             The game lasted 00:21:52 (15006 turns).

vurker the Covert (Gnoll Delver)                   Turns: 15006, Time: 00:21:53

Health: -9/96      AC:  9    Str: 25    XL:     12   Next: 10%
Magic:  17/22      EV: 18    Int: 30    God:    Cheibriados [***...]
Gold:   886        SH: 13    Dex: 24    Spells: 23/24 levels left

rFire    + . .     SeeInvis .   b - +3 scimitar (flame)
rCold    + . .     Faith    +   p - +1 kite shield
rNeg     . . .     Spirit   .   H - +0 troll leather armour
rPois    +         Reflect  .   I - +0 helmet
rElec    +         Harm     .   w - +0 cloak
rCorr    +                      s - +0 pair of gloves
MR       .....                  (no boots)
Stlth    +++++.....             F - amulet of faith
HPRegen  0.66/turn              G - ring of wizardry
MPRegen  0.18/turn              l - +6 ring of intelligence

@: mighty, resistant, very slow
A: distributed training, fangs 1, strong nose
a: Bend Time, Temporal Distortion, Renounce Religion


You were in an ice cave.
You worshipped Cheibriados.
Cheibriados was most pleased with you.
You visited 3 branches of the dungeon, and saw 13 of its levels.
You also visited: Ossuary and Ice Cave.

You collected 886 gold pieces.

Inventory:

Hand Weapons
 a - a +0 rapier of draining
   (You took it off an orc on level 8 of the Dungeon)
 b - a +3 scimitar of flaming (weapon)
   (You took it off Erica on level 8 of the Dungeon)
Armour
 p - a +1 kite shield (worn)
   (You found it on level 3 of the Dungeon)
 s - a +0 pair of gloves (worn)
   (You found it on level 5 of the Dungeon)
 w - a +0 cloak (worn)
   (You took it off Maurice on level 10 of the Dungeon)
 E - a +0 ring mail of magic resistance
   (You took it off an orc on level 8 of the Dungeon)
 H - a +0 troll leather armour (worn)
   (You found it on level 10 of the Dungeon)
 I - a +0 helmet (worn)
   (You found it on level 11 of the Dungeon)
Jewellery
 l - a +6 ring of intelligence (right hand)
   (You found it on level 9 of the Dungeon)
 u - a +6 ring of dexterity
   (You found it on level 6 of the Dungeon)
 F - an amulet of faith (around neck)
   (You found it on level 10 of the Dungeon)
 G - a ring of wizardry (left hand)
   (You found it on level 10 of the Dungeon)
Wands
 t - a wand of flame (25)
   (You took it off a centaur on level 7 of the Dungeon)
 v - a wand of digging (6)
 x - a wand of acid (4)
   (You took it off a centaur on level 9 of the Dungeon)
 y - a wand of enslavement (7)
   (You found it on level 9 of the Dungeon)
 C - a wand of polymorph (9)
   (You found it on level 2 of the Dungeon)
Scrolls
 c - 4 scrolls of fog
 d - a scroll of silence
 e - 2 scrolls of fear
 g - 6 scrolls of teleportation
 h - 3 scrolls of amnesia
 i - 5 scrolls of remove curse
 j - 2 scrolls of enchant armour
 k - 4 scrolls of blinking
 q - 3 scrolls of enchant weapon
 r - 4 scrolls of magic mapping
 z - 7 scrolls of identify
 A - 2 scrolls of holy word
Potions
 f - a potion of lignification
 n - a potion of mutation
 o - a potion of curing


   Skills:
 + Level 9.6 Fighting
 + Level 6.9 Short Blades
 + Level 6.9 Long Blades
 + Level 8.4 Axes
 + Level 6.9 Maces & Flails
 + Level 6.9 Polearms
 + Level 6.9 Staves
 + Level 6.9 Slings
 + Level 6.9 Bows
 + Level 6.9 Crossbows
 + Level 6.9 Throwing
 + Level 6.9 Armour
 + Level 8.4 Dodging
 + Level 11.6 Stealth
 + Level 6.9 Shields
 + Level 6.9 Unarmed Combat
 + Level 6.9 Spellcasting
 + Level 5.7 Conjurations
 + Level 5.7 Hexes
 + Level 5.7 Summonings
 + Level 5.7 Necromancy
 + Level 5.7 Translocations
 + Level 5.7 Transmutations
 + Level 5.7 Fire Magic
 + Level 5.7 Ice Magic
 + Level 5.7 Air Magic
 + Level 5.7 Earth Magic
 + Level 5.7 Poison Magic
 + Level 7.6 Invocations
 + Level 6.9 Evocations


You had 23 spell levels left.
You knew the following spells:

 Your Spells              Type           Power        Failure   Level
p - Apportation           Tloc           #####.       1%          1

Your spell library contained the following spells:

 Spells                   Type           Power        Failure   Level
 Animate Skeleton         Necr           #####.       1%          1
 Beastly Appendage        Tmut           #####.       1%          1
 Corona                   Hex            #####..      1%          1
 Freeze                   Ice            ####         1%          1
 Sandblast                Erth           #####.       1%          1
 Summon Small Mammal      Summ           ####         1%          1
 Ensorcelled Hibernation  Hex/Ice        #####.       1%          2
 Passwall                 Tmut/Erth      #####...     1%          2
 Slow                     Hex            #####...     1%          2
 Wereblood                Tmut           #####...     1%          2
 Confusing Touch          Hex            #####...     1%          3
 Dazzling Flash           Conj/Hex       #####.       1%          3
 Frozen Ramparts          Ice            #####.       1%          3
 Gell's Gravitas          Tloc           #####.....   1%          3
 Inner Flame              Hex/Fire       #####...     1%          3
 Ozocubu's Armour         Ice            #####...     1%          3
 Portal Projectile        Hex/Tloc       #####.       1%          3
 Spider Form              Tmut/Pois      #####.....   1%          3
 Stone Arrow              Conj/Erth      #####.       1%          3
 Tukima's Dance           Hex            #####...     1%          3
 Cause Fear               Hex            #####.....   6%          4
 Hailstorm                Conj/Ice       #####...     6%          4
 Ice Form                 Ice/Tmut       #####...     6%          4
 Leda's Liquefaction      Hex/Erth       #####.....   6%          4
 Petrify                  Tmut/Erth      #####...     6%          4
 Summon Ice Beast         Ice/Summ       #####...     6%          4
 Blade Hands              Tmut           #####.....   16%         5
 Lee's Rapid Deconstruct  Erth           #####.....   16%         5
 Metabolic Englaciation   Hex/Ice        #####.....   16%         5
 Yara's Violent Unravell  Hex/Tmut       #####.....   16%         5


Dungeon Overview and Level Annotations

Branches:
Dungeon (11/15)            Temple (1/1) D:7            Lair (1/6) D:9
    Orc (0/2) D:11        Ossuary (visited)           IceCv (1/1)

Altars:
Ashenzari
Cheibriados
Dithmenos
Elyvilon
Fedhas
Gozag
Hepliaklqana
Kikubaaqudgha
Makhleb
Nemelex Xobeh
Qazlal
Ru
Sif Muna
Trog
Uskayaw
Vehumet
Xom
Yredelemnul
Zin
The Shining One

Shops:
D:4 :=*[!   D:6 }

Annotations:
D:6 exclusion: 2 doors
D:7 2 runed translucent doors, exclusion: orange crystal statue


Innate Abilities, Weirdness & Mutations

Your experience applies equally to all skills.
You have very sharp teeth.
Your uncanny sense of smell can sniff out nearby items.


Message History

Okay, then.
An ice covered rock wall.
Okay, then.
The rock shatters into small pieces.
Found 127 gold pieces.
Found 62 gold pieces.
Found 55 gold pieces.
Found 26 gold pieces.
Found 14 gold pieces.
The ice dragon roars deafeningly!
The ice dragon breathes frost at you. The blast of cold hits you!!!
Ouch! That really hurt!
* * * LOW HITPOINT WARNING * * *
You feel protected.
You feel very mighty all of a sudden.
The ice dragon bites you but does no damage.
You block the ice dragon's attack. x2
You barely miss the ice dragon. Your bite misses the ice dragon.
You block the ice dragon's attack. x2; The ice dragon tramples you.
* * * LOW HITPOINT WARNING * * *
You stumble backwards!
Unknown command.
You can feel time thicken for a moment.
You can no longer inflict damage on those overly hasty.
Cheibriados lowers the support of your attributes as your movement quickens.
The ice dragon closely misses you. You block the ice dragon's attack.
The ice dragon tramples you.
* * * LOW HITPOINT WARNING * * *
You stumble backwards!
You hit the ice dragon. You burn the ice dragon. The ice dragon bites you!
* * * LOW HITPOINT WARNING * * *
You block the ice dragon's attack. The ice dragon tramples you.
* * * LOW HITPOINT WARNING * * *
You stumble backwards!
Aim: an ice dragon (lightly wounded)
The bolt of acid hits the ice dragon!
The ice dragon is splashed with acid.
The acid corrodes the ice dragon!
The ice dragon bites you.
* * * LOW HITPOINT WARNING * * *
The ice dragon completely misses you. You block the ice dragon's attack.
Aim: an ice dragon (moderately wounded, covered in acid)
The bolt of acid hits the ice dragon!
The ice dragon is splashed with acid!
The ice dragon seems to be corroded for longer.
The ice dragon breathes frost at you. The blast of cold hits you! You resist.
* * * LOW HITPOINT WARNING * * *
Aim: an ice dragon (heavily wounded, catching its breath, covered in acid)
The bolt of acid hits the ice dragon!
The ice dragon is splashed with acid.
You block the ice dragon's attack. The ice dragon claws you!
You die...

#..............#..#####.### ###
##...........####...#..#..####.##
##........### ###...#.#...#.#.#
###....### ##.######....#.
###..## ### ####### ##..###
##...###### ###......##
####..@.## ####D.## ### ###
##..###.####$$$$$
##.#.....$$$$$$. #...##.##$$$$..
#####..###$$... #...##.###...
##......#.... ####......##


You could see an ice dragon (catching breath, corroded).

Vanquished Creatures
  Erica (D:8)
  A two-headed ogre (D:11)
  An unseen horror (D:8)
  An ugly thing (D:11)
  A manticore (D:9)
  A cyclops (D:11)
  Maurice (D:10)
  2 ice statues (IceCv)
  4 rime drakes
  2 komodo dragons (D:9)
  A troll (D:10)
  Prince Ribbit (D:6)
  A hippogriff (D:7)
  A shadow (D:11)
  A wyvern (D:10)
  2 steam dragons
  4 wargs (D:11)
  3 orc warriors
  5 sky beasts
  2 black bears
  17 ice beasts
  A phantom (D:6)
  A necrophage (D:10)
  3 ogres
  13 centaurs
  3 crocodiles
  2 big kobolds (D:9)
  6 bullfrogs
  4 scorpions
  6 wights (D:6)
  An electric eel (D:8)
  5 howler monkeys
  2 bullfrog zombies
  A centaur zombie (D:5)
  4 jellies
  5 orc priests
  4 bullfrog skeletons
  4 hounds
  8 orc wizards
  3 iguanas
  8 worker ants
  2 killer bee zombies (D:9)
  A hound zombie (D:5)
  2 mummies (D:6)
  A worker ant zombie (D:5)
  13 adders
  A shadow imp (D:6)
  4 white imps
  2 ufetubi (D:5)
  An adder zombie (D:6)
  An adder skeleton (D:8)
  A worm (D:5)
  2 dart slugs
  2 leopard geckos
  19 orcs
  13 bats
  6 giant cockroaches
  11 goblins
  7 hobgoblins
  5 jackals
  13 kobolds
  6 quokkas
  A ball python (D:8)
  3 frilled lizards
  A kobold zombie (D:6)
  A leopard gecko skeleton (D:4)
  An orc zombie (D:6)
  A quokka zombie (D:6)
  12 rats
270 creatures vanquished.

Vanquished Creatures (others)
  A leopard gecko (D:8)
  8 plants (D:8)
  A withered plant (Ossuary)
10 creatures vanquished.

Grand Total: 280 creatures vanquished

Notes
Turn   | Place    | Note
-------+----------+-------------------------------------------
     0 | D:5      | Reached skill level 9 in Stealth
     0 | D:5      | vurker the Gnoll Delver began the quest for the Orb.
     0 | D:5      | Reached XP level 1. HP: 23/23 MP: 1/1
    26 | D:5      | Reached XP level 2. HP: 21/29 MP: 2/2
   129 | D:5      | Reached skill level 1 in Invocations
   129 | D:5      | Reached XP level 3. HP: 5/35 MP: 2/4
   413 | D:4      | Reached skill level 1 in Short Blades
   413 | D:4      | Reached skill level 1 in Long Blades
   413 | D:4      | Reached skill level 1 in Maces & Flails
   413 | D:4      | Reached skill level 1 in Polearms
   413 | D:4      | Reached skill level 1 in Staves
   413 | D:4      | Reached skill level 1 in Slings
   413 | D:4      | Reached skill level 1 in Bows
   413 | D:4      | Reached skill level 1 in Crossbows
   413 | D:4      | Reached skill level 1 in Throwing
   413 | D:4      | Reached skill level 1 in Armour
   413 | D:4      | Reached skill level 1 in Shields
   413 | D:4      | Reached skill level 1 in Unarmed Combat
   413 | D:4      | Reached skill level 1 in Spellcasting
   413 | D:4      | Reached skill level 1 in Evocations
   413 | D:4      | Reached XP level 4. HP: 30/41 MP: 5/5
   636 | D:2      | Reached skill level 1 in Conjurations
   636 | D:2      | Reached skill level 1 in Hexes
   636 | D:2      | Reached skill level 1 in Summonings
   636 | D:2      | Reached skill level 1 in Necromancy
   636 | D:2      | Reached skill level 1 in Translocations
   636 | D:2      | Reached skill level 1 in Transmutations
   636 | D:2      | Reached skill level 1 in Fire Magic
   636 | D:2      | Reached skill level 1 in Ice Magic
   636 | D:2      | Reached skill level 1 in Air Magic
   636 | D:2      | Reached skill level 1 in Earth Magic
   636 | D:2      | Reached skill level 1 in Poison Magic
   980 | D:1      | Reached XP level 5. HP: 46/47 MP: 6/6
  1671 | D:2      | Found a shattered altar of Ashenzari.
  1808 | D:2      | Found a faded altar of an unknown god.
  2508 | D:3      | Found a blossoming altar of Fedhas.
  2905 | D:3      | Reached XP level 6. HP: 53/53 MP: 8/8
  3340 | D:4      | Reached skill level 5 in Axes
  3340 | D:4      | Reached skill level 5 in Dodging
  3405 | D:4      | Found a shimmering blue altar of Sif Muna.
  3505 | D:4      | Found Lefot's Distillery.
  3537 | D:4      | Found Ozostun's General Store.
  3579 | D:4      | Found Ynaodidu's Antique Armour Boutique.
  3596 | D:4      | Found Muamucad's Jewellery Emporium.
  3889 | D:4      | Found Zulut's Book Emporium.
  4047 | D:5      | Reached XP level 7. HP: 31/59 MP: 10/10
  4715 | D:5      | Found a bloodstained altar of Trog.
  4854 | D:5      | Found a sparkling altar of Nemelex Xobeh.
  4891 | D:5      | Reached skill level 10 in Stealth
  5033 | D:5      | Reached XP level 8. HP: 61/67 MP: 12/12
  5070 | D:6      | Found a glowing golden altar of the Shining One.
  5114 | D:6      | Found a sacrificial altar of Ru.
  5158 | D:6      | Found a sand-covered staircase.
  5168 | Ossuary  | Entered an ossuary
  5763 | D:6      | Found Pih Relo's Gadget Shoppe.
  6278 | D:6      | Found an opulent altar of Gozag.
  6403 | D:6      | Noticed Prince Ribbit
  6422 | D:6      | Killed Prince Ribbit
  6422 | D:6      | Reached XP level 9. HP: 22/73 MP: 14/14
  7954 | D:7      | Found a runed translucent door.
  7964 | D:7      | Found the +10 tower shield of Ignorance {rN+ Int-4}
  8105 | D:7      | Found a runed translucent door.
  8106 | D:7      | Noticed an orange crystal statue
  8129 | D:7      | Found a staircase to the Ecumenical Temple.
  8143 | Temple   | Entered the Ecumenical Temple
  8282 | Temple   | Became a worshipper of Cheibriados the Contemplative
  8402 | D:8      | Killed an unseen horror
  8402 | D:8      | Reached skill level 5 in Invocations
  8548 | D:8      | Reached XP level 10. HP: 80/80 MP: 17/17
  8600 | D:8      | Learned a level 1 spell: Apportation
  8604 | D:8      | Found a shadowy altar of Dithmenos.
  9209 | D:8      | Noticed Erica
  9227 | D:8      | Killed Erica
  9227 | D:8      | Reached skill level 5 in Short Blades
  9227 | D:8      | Reached skill level 5 in Long Blades
  9227 | D:8      | Reached skill level 5 in Maces & Flails
  9227 | D:8      | Reached skill level 5 in Polearms
  9227 | D:8      | Reached skill level 5 in Staves
  9227 | D:8      | Reached skill level 5 in Slings
  9227 | D:8      | Reached skill level 5 in Bows
  9227 | D:8      | Reached skill level 5 in Crossbows
  9227 | D:8      | Reached skill level 5 in Throwing
  9227 | D:8      | Reached skill level 5 in Armour
  9227 | D:8      | Reached skill level 5 in Shields
  9227 | D:8      | Reached skill level 5 in Unarmed Combat
  9227 | D:8      | Reached skill level 5 in Spellcasting
  9227 | D:8      | Reached skill level 5 in Evocations
  9500 | D:8      | Reached * piety under Cheibriados
  9673 | D:8      | HP: 4/82 [electric eel/bolt of electricity (7)]
 11023 | D:9      | Found a staircase to the Lair.
 11124 | D:9      | Reached skill level 11 in Stealth
 11163 | D:9      | Reached ** piety under Cheibriados
 11286 | D:9      | Noticed a manticore
 11295 | D:9      | HP: 4/82 [manticore/volley of spikes (15)]
 11300 | D:9      | Killed a manticore
 11304 | D:9      | Reached XP level 11. HP: 20/87 MP: 19/19
 12016 | D:10     | Entered Level 10 of the Dungeon
 12032 | D:10     | Noticed Maurice
 12039 | D:10     | Killed Maurice
 12155 | D:10     | Reached skill level 5 in Conjurations
 12155 | D:10     | Reached skill level 5 in Hexes
 12155 | D:10     | Reached skill level 5 in Summonings
 12155 | D:10     | Reached skill level 5 in Necromancy
 12155 | D:10     | Reached skill level 5 in Translocations
 12155 | D:10     | Reached skill level 5 in Transmutations
 12155 | D:10     | Reached skill level 5 in Fire Magic
 12155 | D:10     | Reached skill level 5 in Ice Magic
 12155 | D:10     | Reached skill level 5 in Air Magic
 12155 | D:10     | Reached skill level 5 in Earth Magic
 12155 | D:10     | Reached skill level 5 in Poison Magic
 13057 | D:11     | Noticed a two-headed ogre
 13061 | D:11     | Killed a two-headed ogre
 13061 | D:11     | Reached *** piety under Cheibriados
 13420 | D:11     | Noticed a purple ugly thing
 13440 | D:11     | Killed a purple ugly thing
 13475 | D:11     | Found a staircase to the Orcish Mines.
 13777 | D:11     | Noticed a cyclops
 13792 | D:11     | Killed a cyclops
 14053 | Lair:1   | Entered Level 1 of the Lair of Beasts
 14088 | Lair:1   | Found a frozen archway.
 14137 | IceCv    | Entered an ice cave
 14163 | IceCv    | Reached **** piety under Cheibriados
 14391 | IceCv    | Reached XP level 12. HP: 38/96 MP: 22/22
 14964 | IceCv    | Noticed an ice dragon
 14974 | IceCv    | Noticed an ice dragon
 15005 | IceCv    | HP: 4/96 [ice dragon/blast of cold (16)]
 15006 | IceCv    | Mangled by an ice dragon

Illustrated notes

Levels and vault maps discovered:
D:1:      matt_arrival_diagonals, layout_basic
D:2:      layout_rooms, nicolae_overflow_crystal_walls,
          chequers_ecumenical_altar_simple
D:3:      layout_basic, marbit_many_paths
D:4:      layout_cave_pools, led_sif_pool, serial_shops, shop, shop, shop, shop,
          kennysheep_mini
D:5:      layout_rooms, bloody_trog, nemelex_lonely_heart_becter
D:6:      cheibrodos_two_vegetables, layout_basic, lemuel_crystal_altar,
          lemuel_round_altar, kennysheep_little_box, nicolae_ossuary_entry_giza,
          serial_shops, shop_statue, uniq_prince_ribbit1
D:7:      layout_loops_ring, minmay_temple_entry_junction, minmay_crystal_water,
          st_stairs_11, chequers_guarded_unrand_ignorance
D:8:      layout_loops_ring, grunt_dithmenos_smoke, supply_closet_lemuel,
          serial_bayou_ford_a, uniq_erica
D:9:      layout_long_grid, erik_lair_dragon
D:10:     layout_gridville, minmay_fractal_squares_gapless_7, uniq_maurice
D:11:     layout_grid_maze, minmay_orc_entry_guard_dogs, serial_park_tiny_2
Temple:   dpeg_chambers_temple
Lair:1:   beast_lair_carwin_large_2, layout_layer_cave, portal_ice_cave_rime,
          lemuel_oklob_altar, grunt_megastairs_5, minmay_lair_oklob_chamber
IceCv:    ice_cave_small_dragons

Skill      XL: |  1  2  3  4  5  6  7  8  9 10 11 |
---------------+----------------------------------+-----
Stealth        | 10 11 | 11.6
Invocations    | 1 2 3 4 5 6 7 |  7.6
Short Blades   | 1 2 3 4 5 6 |  6.9
Long Blades    | 1 2 3 4 5 6 |  6.9
Maces & Flails | 1 2 3 4 5 6 |  6.9
Polearms       | 1 2 3 4 5 6 |  6.9
Staves         | 1 2 3 4 5 6 |  6.9
Slings         | 1 2 3 4 5 6 |  6.9
Bows           | 1 2 3 4 5 6 |  6.9
Crossbows      | 1 2 3 4 5 6 |  6.9
Throwing       | 1 2 3 4 5 6 |  6.9
Armour         | 1 2 3 4 5 6 |  6.9
Shields        | 1 2 3 4 5 6 |  6.9
Unarmed Combat | 1 2 3 4 5 6 |  6.9
Spellcasting   | 1 2 3 4 5 6 |  6.9
Evocations     | 1 2 3 4 5 6 |  6.9
Conjurations   | 1 2 3 4 5 |  5.7
Hexes          | 1 2 3 4 5 |  5.7
Summonings     | 1 2 3 4 5 |  5.7
Necromancy     | 1 2 3 4 5 |  5.7
Translocations | 1 2 3 4 5 |  5.7
Transmutations | 1 2 3 4 5 |  5.7
Fire Magic     | 1 2 3 4 5 |  5.7
Ice Magic      | 1 2 3 4 5 |  5.7
Air Magic      | 1 2 3 4 5 |  5.7
Earth Magic    | 1 2 3 4 5 |  5.7
Poison Magic   | 1 2 3 4 5 |  5.7
Axes           | 5 6 7 8 |  8.4
Dodging        | 5 6 7 8 |  8.4
Fighting       | 7 8 9 |  9.6

Action                   |  1- 3 |  4- 6 |  7- 9 | 10-12 || total
-------------------------+-------+-------+-------+-------++-------
Melee: Hand axe          |    31 |   238 |   354 |    68 ||   691
       Bite              |     4 |    33 |    63 |   132 ||   232
       Scimitar          |       |       |       |   154 ||   154
       Whip              |       |       |       |    33 ||    33
       Rapier            |       |       |       |   335 ||   335
Invok: Slouch            |       |       |       |     1 ||     1
Evoke: Wand              |       |       |     3 |    23 ||    26
  Use: Scroll            |       |     7 |     6 |     4 ||    17
       Potion            |       |       |       |     6 ||     6
 Stab: Sleeping          |     2 |    17 |     5 |    10 ||    34
       Distracted        |       |       |       |     1 ||     1
Armor: Leather armour    |     2 |    31 |       |       ||    33
       Chain mail        |       |    79 |    79 |       ||   158
       Plate armour      |       |       |    58 |   104 ||   162
       Troll leather arm |       |       |       |    60 ||    60
       Ring mail         |       |       |       |    14 ||    14
Dodge: Dodged            |    22 |   127 |    85 |   298 ||   532
Block: Kite shield       |       |    18 |   207 |   366 ||   591
       Rpst.: Scimitar   |       |       |       |    19 ||    19

Table legend: (Time is in decaauts)
 A = Elapsed time spent in this place.
 B = Non-inter-level travel time spent in this place.
 C = Inter-level travel time spent in this place.
 D = Time resting spent in this place.
 E = Time spent auto-exploring this place.
 F = Levels seen in this place.
 G = Mean time per level.
                   A        B        C        D        E       F      G
               +--------+--------+--------+--------+--------+-----+--------+
         Total |  16646 |  15950 |    696 |   1026 |  11995 |  15 | 1109.7 |
       Dungeon |  15286 |  14616 |    670 |    703 |  11486 |  11 | 1389.6 |
        Temple |    165 |    140 |     25 |      0 |    135 |   1 |  165.0 |
          Lair |    114 |    114 |      0 |     14 |      6 |   1 |  114.0 |
       Ossuary |     28 |     28 |      0 |      0 |      0 |   1 |   28.0 |
      Ice Cave |   1051 |   1051 |      0 |    309 |    367 |   1 | 1051.0 |
               +--------+--------+--------+--------+--------+-----+--------+

Top non-repeatable levels by time:
     D:6: 2446 daAuts
     D:8: 2209 daAuts
     D:9: 2062 daAuts
    D:10: 1508 daAuts
     D:5: 1479 daAuts
    D:11: 1212 daAuts
     D:3: 1167 daAuts
   IceCv: 1051 daAuts
     D:4: 885 daAuts
     D:1: 844 daAuts
     D:7: 765 daAuts
     D:2: 705 daAuts
  Temple: 165 daAuts
  Lair:1: 114 daAuts
 Ossuary: 28 daAuts
